 Dungeon Sprint DCSS version 0.17-a0-1056-g838d5c0 (webtiles) character file.

700000 Vrock the Brawler (level 13, -20/87 HPs)
             Began as a Gargoyle Gladiator on May 16, 2015.
             Was an Initiate of Makhleb.
             Demolished by a meat berserker
             ... wielding a +9 battleaxe
              (55 damage)
             ... in the Dungeon (Sprint VIII: "Arena of Blood").
             The game lasted 00:00:40 (7 turns).

Vrock the Brawler (Gargoyle Gladiator)                 Turns: 7, Time: 00:00:40

Health: -20/87     AC: 13    Str: 24    XL:     13   Next: 28%
Magic:  13/13      EV: 19    Int:  9    God:    Makhleb [......]
Gold:   0          SH:  0    Dex: 10    Spells: 0 memorised, 12 levels left

rFire  . . .     SeeInvis .     k - +∞ Axe of Woe
rCold  . . .     Clarity  .     a - +0 leather armour
rNeg   + . .     SustAb   .     (no shield)
rPois  ∞         Gourm    .     b - +0 helmet
rElec  +         Spirit   .     (no cloak)
rCorr  .         Warding  .     (no gloves)
rMut   .         NoTele   +     (no boots)
MR     .....                    (no amulet)
Stlth  +.........               (no ring)
                                (no ring)

@: very slightly contaminated, not resistant to hostile enchantments, very
unstealthy
A: negative energy resistance 1, electricity resistance, unbreathing,
petrification resistance, rot immunity, AC +9
a: Renounce Religion


You were in the Dungeon.
You worshipped Makhleb.
Makhleb was noncommittal.
You were not hungry.

You visited 1 branch

Inventory:

Hand weapons
 k - the +∞ Axe of Woe (weapon)
   (You found it in the Dungeon)
Missiles
 c - 3 throwing nets (quivered)
Armour
 a - a +0 leather armour (worn)
 b - a +0 helmet (worn)
Potions
 e - a potion of curing
 f - a potion of heal wounds
 g - a potion of haste
 h - 2 potions of magic
 i - a potion of berserk rage
Comestibles
 d - a bread ration


   Skills:
 + Level 12.9 Fighting
 + Level 2.9 Axes
 + Level 11.9 Throwing
 + Level 17.5 Dodging
 + Level 20.0 Unarmed Combat


You had 12 spell levels left.
You didn't know any spells.

Dungeon Overview and Level Annotations

Branches:
Dungeon (1/1)

Altars:
Makhleb


Innate Abilities, Weirdness & Mutations

You are resistant to torment.
Your stone body is resilient (AC +9).
You are immune to poison.
You resist negative energy.
You are resistant to electric shocks.
You can survive without breathing.
You are immune to petrification.
You are immune to rotting.


Message History

Increase (S)trength, (I)ntelligence, or (D)exterity?
You feel stronger.
You have reached level 7!
You have reached level 8!
You feel stronger.
You have reached level 9!
Your experience leads to an increase in your attributes!
Increase (S)trength, (I)ntelligence, or (D)exterity?
You feel stronger.
You have reached level 10!
You have reached level 11!
You have reached level 12!
Your experience leads to an increase in your attributes!
Increase (S)trength, (I)ntelligence, or (D)exterity?
You feel stronger. x2
You have reached level 13!
You hear a shout! x4
The meat berserker hits you with a +9 battleaxe!!!
Ouch! That really hurt!
You die...

..o.... .......
....... .........
#.......# .#..
#....o..#
...o.###O......###.
...o.o.@).###......
..#.....O.._......
#.......#.....#
........#_.<._#
#...o...#.....#
..#..o...O._......
. ........###......
....###o.. ..###. .
#... ..#


You could see 2 meat berserkers and 8 bags of meat.

Vanquished Creatures
  An ogre (D)
1 creature vanquished.

Notes
Turn   | Place    | Note
--------------------------------------------------------------
     0 | D        | Vrock the Gargoyle Gladiator began the quest for the Orb.
     0 | D        | Reached XP level 1. HP: 12/12 MP: 1/1
     3 | D        | Noticed a meat berserker
     4 | D        | Noticed a meat berserker
     4 | D        | Became a worshipper of Makhleb the Destroyer
     5 | D        | Noticed a bag of meat
     5 | D        | Noticed a bag of meat
     5 | D        | Noticed a bag of meat
     5 | D        | Noticed a bag of meat
     5 | D        | Noticed a meat berserker
     6 | D        | Noticed a bag of meat
     6 | D        | Noticed a bag of meat
     6 | D        | Noticed a bag of meat
     7 | D        | Noticed a bag of meat
     7 | D        | Killed a meat berserker
     7 | D        | Reached skill level 12 in Fighting
     7 | D        | Reached skill level 17 in Dodging
     7 | D        | Reached skill level 20 in Unarmed Combat
     7 | D        | Reached XP level 2. HP: 14/31 MP: 2/2
     7 | D        | Reached XP level 3. HP: 16/36 MP: 3/3
     7 | D        | Reached XP level 4. HP: 18/41 MP: 4/4
     7 | D        | Reached XP level 5. HP: 20/46 MP: 5/5
     7 | D        | Reached XP level 6. HP: 22/52 MP: 6/6
     7 | D        | Reached XP level 7. HP: 23/56 MP: 7/7
     7 | D        | Reached XP level 8. HP: 25/62 MP: 8/8
     7 | D        | Reached XP level 9. HP: 27/67 MP: 9/9
     7 | D        | Reached XP level 10. HP: 29/72 MP: 10/10
     7 | D        | Reached XP level 11. HP: 31/77 MP: 11/11
     7 | D        | Reached XP level 12. HP: 33/82 MP: 12/12
     7 | D        | Reached XP level 13. HP: 35/87 MP: 13/13
     7 | D        | Demolished by a meat berserker

Vault maps used:
D:        meatsprint

Action                   |  1- 3 |  4- 6 |  7- 9 | 10-12 | 13-15 || total
-------------------------+-------+-------+-------+-------+-------++-------
Melee: Executioner's axe |     1 |       |       |       |       ||     1
  Use: Scroll            |     1 |       |       |       |       ||     1
